 Dungeon Crawl Stone Soup version 0.18-b1-14-g029dad2 (webtiles) character file.

1430 Wooh the Slasher (level 8, -4/73 HPs)
             Began as a Naga Berserker on Apr 30, 2016.
             Was a Priest of Trog.
             Slain by skk's ghost (7 damage)
             ... on level 6 of the Dungeon.
             The game lasted 00:26:58 (5527 turns).

Wooh the Slasher (Naga Berserker)                   Turns: 5527, Time: 00:26:59

Health: -4/73      AC:  8    Str: 19    XL:     8   Next: 73%
Magic:  8/8        EV:  9    Int:  8    God:    Trog [***...]
Gold:   272        SH:  0    Dex: 13    Spells: 0 memorised, 7 levels left

rFire  . . .     SeeInvis +     a - +0 falchion
rCold  . . .     Gourm    .     t - +0 scale mail
rNeg   . . .     Faith    .     (no shield)
rPois  +         Spirit   .     E - +2 hat
rElec  .         Dismiss  .     (no cloak)
rCorr  .         Reflect  .     (no gloves)
SustAt .         Harm     .     (no barding)
MR     +++..                    h - amulet of magic regeneration
Stlth  ..........               v - ring of protection from magic
                                y - ring of protection from magic

@: exhausted, slowed, drained, very slow, extremely resistant to hostile
enchantments, extremely unstealthy
A: see invisible, deformed body, poison resistance, slowness 2, slow metabolism
1, spit poison 2, AC +2
a: Spit Poison, Berserk, Trog's Hand, Burn Spellbooks, Renounce Religion


You were on level 6 of the Dungeon.
You worshipped Trog.
Trog was most pleased with you.
You were not hungry.

You visited 1 branch of the dungeon, and saw 6 of its levels.

You collected 272 gold pieces.

Inventory:

Hand Weapons
 a - a +0 falchion (weapon)
 x - a +0 hand crossbow
Missiles
 n - 104 arrows
 o - 32 bolts
Armour
 t - a +0 scale mail (worn)
 E - a +2 hat (worn)
Jewellery
 e - an uncursed ring of protection from fire
 h - an amulet of magic regeneration (around neck)
 m - an uncursed ring of ice
 v - a ring of protection from magic (right hand)
 y - a ring of protection from magic (left hand)
 D - an uncursed ring of resist corrosion
Wands
 H - a wand of polymorph (21/24)
Scrolls
 d - 2 scrolls of recharging
 g - 3 scrolls of enchant weapon
 p - a scroll of remove curse
 q - 3 scrolls of enchant armour
 r - a scroll of blinking {unknown}
 w - 2 scrolls of teleportation
 A - 2 scrolls of immolation
 J - a scroll of identify
Potions
 b - 2 potions of berserk rage {unknown}
 f - a potion of lignification
 j - 2 potions of magic {unknown}
 k - 4 potions of degeneration {unknown}
 s - a potion of resistance {unknown}
 u - 4 potions of curing
 z - a potion of brilliance {unknown}
 B - a potion of flight {unknown}
 F - a potion of agility {unknown}
 G - a potion of invisibility {unknown}
 I - a potion of ambrosia {unknown}
 L - a potion of cancellation {unknown}
Comestibles
 c - 7 bread rations
 i - a royal jelly
 l - 2 beef jerkies
 C - 3 fruits
 K - 3 chunks of flesh


   Skills:
 + Level 4.8(4.2) Fighting
 - Level 6.0(5.4) Long Blades
 - Level 3.5(2.9) Crossbows
 - Level 2.9(2.3) Armour
 * Level 5.4(4.8) Dodging


You had 7 spell levels left.
You didn't know any spells.

Dungeon Overview and Level Annotations

Branches:
Dungeon (6/15)
 Temple: D:4-7

Altars:
Cheibriados
Fedhas
Gozag
Kikubaaqudgha
Nemelex Xobeh
Qazlal
Trog
The Shining One

Shops:
D:4 ?

Annotations:
D:6 skk's ghost, novice DrBe


Innate Abilities, Weirdness & Mutations

You cannot wear boots.
Your serpentine skin is tough (AC +2).
You have supernaturally acute eyesight.
Armour fits poorly on your strangely shaped body.
Your system is resistant to poisons.
You cover ground very slowly.
You have a slow metabolism.
You can spit poison.


Message History

You miss skk's ghost.
Skk's ghost is severely damaged.
You are no longer berserk.
You are exhausted.
You feel yourself slow down. Skk's ghost barely misses you.
You hit skk's ghost.
Skk's ghost is severely damaged.
Skk's ghost hits you!
* * * LOW HITPOINT WARNING * * *
You barely miss skk's ghost.
Skk's ghost is severely damaged.
Skk's ghost hits you.
* * * LOW HITPOINT WARNING * * *
Skk's ghost hits you but does no damage.
You closely miss skk's ghost.
Skk's ghost is severely damaged.
Skk's ghost hits you!
* * * LOW HITPOINT WARNING * * *
Skk's ghost hits you!
You die...

#...##### #......# ...
........###......##...
.....................
........###......##.
#...#.### #......#
#...#.# ###.##.#
#...#.# #.##.# #...#.#
#.##.##.# ##.##.#
#...@.!.# . .
####W#...... # ..
#.#.####. # .# ... #
#..## ..( ..... ..(..
...# .###. #. (?


You could see skk's ghost.

Vanquished Creatures
  Grinder (D:4)
  Sigmund (D:4)
  Edmund (D:6)
  An ice beast (D:5)
  A sky beast (D:5)
  An ogre (D:6)
  A scorpion (D:5)
  2 howler monkeys
  3 hounds
  A wasp zombie (D:5)
  A centaur skeleton (D:4)
  A jelly (D:5)
  Ijyb (D:2)
  An iguana (D:4)
  2 worker ants (D:4)
  A hound skeleton (D:5)
  10 adders
  8 gnolls
  2 oozes (D:5)
  6 worms
  4 dart slugs
  6 giant geckos
  An orc (D:3)
  12 bats
  6 giant cockroaches
  7 goblins
  5 hobgoblins (D:3)
  7 jackals
  3 quokkas
  A giant cockroach zombie (D:5)
  A giant gecko zombie (D:5)
  2 giant newts (D:2)
  7 kobolds
  9 rats
117 creatures vanquished.

Notes
Turn   | Place    | Note
--------------------------------------------------------------
     0 | D:1      | Wooh the Naga Berserker began the quest for the Orb.
     0 | D:1      | Reached XP level 1. HP: 21/21 MP: 1/1
   295 | D:1      | Reached XP level 2. HP: 25/28 MP: 2/2
   780 | D:2      | Reached XP level 3. HP: 20/34 MP: 3/3
  1289 | D:2      | Noticed Ijyb
  1301 | D:2      | Killed Ijyb
  1301 | D:2      | Reached XP level 4. HP: 44/44 MP: 4/4
  1411 | D:2      | Reached ** piety under Trog
  1854 | D:2      | Reached XP level 5. HP: 38/50 MP: 5/5
  2138 | D:3      | Reached skill level 1 in Crossbows
  2732 | D:3      | Reached *** piety under Trog
  2854 | D:4      | Reached XP level 6. HP: 57/57 MP: 6/6
  2857 | D:4      | Noticed Grinder
  2982 | D:4      | Killed Grinder
  2982 | D:4      | Reached skill level 5 in Long Blades
  3008 | D:4      | Reached XP level 7. HP: 23/64 MP: 7/7
  3243 | D:4      | Found Icutocw's Magic Scroll Shop.
  3313 | D:4      | Found a blossoming altar of Fedhas.
  3333 | D:4      | Reached skill level 6 in Long Blades
  3356 | D:4      | Noticed Sigmund
  3372 | D:4      | Killed Sigmund
  3373 | D:4      | Found a snail-covered altar of Cheibriados.
  3377 | D:4      | Found an ancient bone altar of Kikubaaqudgha.
  3377 | D:4      | Found a glowing golden altar of the Shining One.
  3379 | D:4      | Found a blossoming altar of Fedhas.
  3381 | D:4      | Found a sparkling altar of Nemelex Xobeh.
  3381 | D:4      | Found a bloodstained altar of Trog.
  3381 | D:4      | Found an opulent altar of Gozag.
  4115 | D:5      | Entered Level 5 of the Dungeon
  4194 | D:5      | Found a stormy altar of Qazlal.
  4228 | D:5      | Reached XP level 8. HP: 51/72 MP: 8/8
  5064 | D:6      | Noticed skk's ghost (novice DrBe)
  5388 | D:6      | Noticed Edmund
  5397 | D:6      | Reached skill level 5 in Dodging
  5410 | D:6      | Killed Edmund
  5527 | D:6      | HP: 3/73 [skk's ghost (12)]
  5527 | D:6      | Slain by skk's ghost

Skill      XL: |  1  2  3  4  5  6  7  8 |
---------------+-------------------------+-----
Dodging        | 2 3 5 |  5.4
Armour         | 2 |  2.9
Fighting       | 4 |  4.8
Crossbows      | 1 2 3 |  3.5
Long Blades    | 5 6 |  6.0

Action                   |  1- 3 |  4- 6 |  7- 9 || total
-------------------------+-------+-------+-------++-------
Melee: Falchion          |    90 |   168 |   224 ||   482
 Fire: Hand crossbow     |       |    18 |    24 ||    42
Invok: Berserk           |     3 |     3 |     6 ||    12
       Trog's Hand       |       |     1 |     2 ||     3
 Abil: Spit Poison       |       |    10 |    10 ||    20
  Use: Scroll            |       |     8 |       ||     8
  Eat: Chunk             |     3 |     8 |    10 ||    21
       Meat ration       |       |       |     1 ||     1
Armor: Animal skin       |    12 |     2 |       ||    14
       Scale mail        |       |    51 |   118 ||   169
       Leather armour    |       |    14 |       ||    14
Dodge: Dodged            |    58 |   111 |   112 ||   281
